 Seeded DCSS version 0.31-a0-1008-g5b978da (webtiles) character file.

Game seed: 3749806054204483717 (custom seed)

9131 blake the Nimble (level 11, -3/94 HPs)
             Began as a Grey Draconian Shapeshifter on Jan 4, 2022.
             Was an Elder of Trog.
             Slain by a skeletal warrior
             ... wielding a +0 broad axe
              (14 damage)
             ... on level 11 of the Dungeon on Nov 12, 2023.
             The game lasted 00:47:50 (8856 turns).

blake the Nimble (Grey Draconian Shapeshifter)      Turns: 8856, Time: 00:47:50

Health: -3/94      AC: 17    Str: 17    XL:     11   Next: 19%
Magic:  14/14      EV: 18    Int: 14    God:    Trog [****..]
Gold:   289        SH:  0    Dex: 21    Spells: 14/14 levels left

rFire   + + .        k - +5 spear "Plog" {heavy, rF+ rC+ rN+ Dex+4}
rCold   + . .        (no shield)
rNeg    + . .        (body armour unavailable)
rPois   .            (helmet restricted)
rElec   .            q - +2 cloak {Stlth+}
rCorr   .            b - +0 pair of gloves
SInv    .            H - +0 pair of boots
Will    .....        x - amulet of faith
Stlth   +++++        t - +6 ring of dexterity
HPRegen 0.35/turn    D - ring of protection from fire
MPRegen 0.14/turn

%: faith
@: on berserk cooldown, slowed, very slow
A: AC +12, amphibious, unfitting armour, cold-blooded
a: Renounce Religion, Berserk, Trog's Hand, Brothers in Arms


You were on level 11 of the Dungeon.
You worshipped Trog.
Trog was greatly pleased with you.
You visited 1 branch of the dungeon, and saw 13 of its levels.

You collected 529 gold pieces.
You spent 240 gold pieces at shops.

Inventory:

Hand Weapons
 a - a +0 club
 e - a +3 short sword of draining
 i - the +8 rapier "Impslayer" {vamp, rElec Will+}
   (You found it on level 2 of the Dungeon)

   rElec:     It insulates you from electricity.
   Will+:     It increases your willpower.
 k - the +5 spear "Plog" (weapon) {heavy, rF+ rC+ rN+ Dex+4}
   (You bought it in a shop on level 9 of the Dungeon)

   Dex+4:     It affects your dexterity (+4).
   rF+:       It protects you from fire.
   rC+:       It protects you from cold.
   rN+:       It protects you from negative energy.
 n - the +9 whip "Jiplataa" {freeze, Fly rElec rPois Int+4}
   (You took it off an orc on level 10 of the Dungeon)

   Int+4:     It affects your intelligence (+4).
   rElec:     It insulates you from electricity.
   rPois:     It protects you from poison Fly: It grants you flight.
Missiles
 f - a curare-tipped dart (quivered)
Armour
 b - a +0 pair of gloves (worn)
 q - a +2 cloak of stealth (worn)
 v - a +0 pair of gloves
 H - a +0 pair of boots (worn)
Jewellery
 d - a ring of positive energy
 j - a ring of poison resistance
 t - a +6 ring of dexterity (left hand)
 x - an amulet of faith (around neck)
 D - a ring of protection from fire (right hand)
Talismans
 p - a flux talisman
Wands
 l - a wand of digging (17)
 C - a wand of flame (5)
Scrolls
 h - 3 scrolls of teleportation
 r - 5 scrolls of enchant armour
 y - a scroll of enchant weapon
 B - 2 scrolls of fear
 G - a scroll of poison
 I - a scroll of amnesia {unknown}
 J - a scroll of vulnerability
Potions
 c - 2 potions of ambrosia {unknown}
 g - 2 potions of berserk rage
 m - 2 potions of haste
 o - a potion of curing
 s - a potion of cancellation
 u - 2 potions of enlightenment
 w - a potion of resistance {unknown}
 z - 2 potions of brilliance {unknown}
 A - 2 potions of attraction {unknown}
 E - 3 potions of might
 F - a potion of invisibility {unknown}


   Skills:
 + Level 8.1 Fighting
 - Level 0.3(4.2) Short Blades
 - Level 6.8 Long Blades
 * Level 6.3 Polearms
 + Level 0.1 Throwing
 + Level 8.9 Dodging
 + Level 8.1 Stealth
 - Level 4.0 Unarmed Combat
 - Level 2.0 Spellcasting
 - Level 2.0 Transmutations
 + Level 1.7 Shapeshifting


You had 14 spell levels left.
You didn't know any spells.
Your spell library contained the following spells:

 Spells                   Type           Power      Damage    Failure   Level
 Wereblood                Tmut           7%         N/A       16%         2


Dungeon Overview and Level Annotations

Branches:
Dungeon (13/15)            Temple (0/1) D:6            Lair (0/6) D:10
    Orc: D:9-12      Vaults: D:13-14

Altars:
Cheibriados
Dithmenos
Gozag
Sif Muna
Trog
Uskayaw
Yredelemnul
Zin
The Shining One

Shops:
D:6 *   D:9 (   D:11 ?

Annotations:
D:10 Urug
D:12 Nessos


Innate Abilities, Weirdness & Mutations

Your dull iron-grey scales are very hard. (AC +12)
You are amphibious.
You cannot fit into any form of body armour.
You are cold-blooded and may be slowed by cold attacks.


Message History

The skeletal warrior closely misses you.
You puncture the skeletal warrior!
The skeletal warrior is moderately damaged.
The skeletal warrior completely misses you.
You closely miss the skeletal warrior.
The skeletal warrior is moderately damaged.
You completely miss the skeletal warrior.
You punch the skeletal warrior.
The skeletal warrior is heavily damaged.
The skeletal warrior hits you with a +0 broad axe!!
You closely miss the skeletal warrior.
The skeletal warrior is heavily damaged.
The skeletal warrior hits you with a +0 broad axe!!
* * * LOW HITPOINT WARNING * * *
Okay, then.
You are too berserk!
You hit the skeletal warrior but do no damage.
The skeletal warrior is heavily damaged.
The skeletal warrior completely misses you.
You barely miss the skeletal warrior.
The skeletal warrior is heavily damaged.
You puncture the skeletal warrior!
The skeletal warrior is heavily damaged.
The skeletal warrior hits you with a +0 broad axe!
* * * LOW HITPOINT WARNING * * *
You puncture the skeletal warrior!
The skeletal warrior is severely damaged.
The skeletal warrior misses you.
You closely miss the skeletal warrior.
The skeletal warrior is severely damaged.
The skeletal warrior hits you with a +0 broad axe!
* * * LOW HITPOINT WARNING * * *
You completely miss the skeletal warrior.
Your tail-slap misses the skeletal warrior.
The skeletal warrior is severely damaged.
You are no longer berserk.
You are exhausted.
You feel yourself slow down.
The skeletal warrior hits you with a +0 broad axe!
You die...

#........ #.
##....p...
..####...z...
#..........
#.###....###
#.......>..#
#.####.#.###
#)####.#......#
#.@z...########
########


You could see a skeletal warrior.

Vanquished Creatures
  2 boulder beetles
  A two-headed ogre (D:9)
  A cyclops (D:12)
  An ugly thing (D:12)
  3 trolls (D:10)
  A hornet (D:9)
  A shadow (D:10)
  2 wyverns
  A redback (shapeshifter) (D:13)
  A steam dragon (D:7)
  3 wargs
  5 acid dragons
  5 orc warriors
  5 ice beasts
  3 sky beasts
  2 black bears
  An ogre (D:5)
  3 centaurs
  A phantom (D:6)
  4 kobold brigands
  4 bullfrogs
  2 gnoll sergeants
  2 scorpions
  11 killer bees
  2 howler monkeys
  4 electric eels (D:10)
  A hound (D:6)
  4 jellies
  6 orc priests
  3 iguanas
  A sleepcap (D:4)
  Jessica (D:3)
  11 orc wizards
  10 adders
  4 gnolls (D:5)
  3 dart slugs
  42 orcs
  2 endoplasms
  2 giant cockroaches
  A goblin (D:2)
  2 hobgoblins (D:1)
  6 jackals
  20 kobolds
  3 ball pythons
  5 bats
  5 frilled lizards
  3 rats
  A spectral orc (D:4)
207 creatures vanquished.

Notes
Turn   | Place    | Note
-------+----------+-------------------------------------------
     0 | D:1      | blake the Draconian Transmuter began the quest for the Orb.
     0 | D:1      | Reached XP level 1. HP: 16/16 MP: 3/3
     0 | D:1      | Reduced skill Shapeshifting to level 1
     0 | D:1      | Upgraded the game from 0.28-a0-1395-g4f6bc67 to
                  | 0.31-a0-978-g1e14348
   129 | D:1      | Found a faded altar of an unknown god.
   143 | D:1      | Prayed at the altar of an unknown god.
   143 | D:1      | Became a worshipper of Trog the Wrathful
   143 | D:1      | Reached * piety under Trog
   300 | D:1      | Reached XP level 2. HP: 21/23 MP: 5/5
   361 | D:1      | Upgraded the game from 0.31-a0-978-g1e14348 to
                  | 0.31-a0-1008-g5b978da
   972 | D:2      | Reached XP level 3. HP: 20/28 MP: 6/6
  1132 | D:2      | Identified the +8 rapier "Impslayer" {vamp, rElec Will+}
  1293 | D:2      | Reached ** piety under Trog
  1350 | D:2      | Reached skill level 1 in Stealth
  1482 | D:3      | Reached skill level 1 in Long Blades
  1482 | D:3      | Reached XP level 4. HP: 35/35 MP: 7/7
  1806 | D:3      | Noticed Jessica
  1814 | D:3      | Killed Jessica
  1815 | D:3      | Reached XP level 5. HP: 37/41 MP: 8/8
  2869 | D:4      | Found a basalt altar of Yredelemnul.
  2876 | D:4      | Reached XP level 6. HP: 50/50 MP: 9/9
  3021 | D:5      | Entered Level 5 of the Dungeon
  3123 | D:5      | Found a glowing golden altar of the Shining One.
  3176 | D:5      | Noticed an ice beast
  3189 | D:5      | Killed an ice beast
  3190 | D:5      | Your scales start taking on a dull iron-grey colour.
  3190 | D:5      | Reached XP level 7. HP: 58/58 MP: 10/10
  3299 | D:5      | Reached *** piety under Trog
  3305 | D:5      | Found an opulent altar of Gozag.
  3572 | D:6      | Found Zine's Assorted Antiques.
  3642 | D:6      | Reached XP level 8. HP: 67/67 MP: 11/11
  3674 | D:6      | Found a staircase to the Ecumenical Temple.
  3774 | D:6      | Found a shadowy altar of Dithmenos.
  3782 | D:6      | Reached skill level 5 in Fighting
  3840 | D:6      | Reached skill level 5 in Stealth
  4155 | D:6      | Reached skill level 5 in Long Blades
  4393 | D:7      | Reached skill level 5 in Dodging
  4397 | D:7      | Reached XP level 9. HP: 26/75 MP: 12/12
  4710 | D:7      | HP: 2/75 [poisoned by a kobold]
  5127 | D:7      | Reached **** piety under Trog
  5460 | D:8      | Found a shimmering blue altar of Sif Muna.
  5729 | D:9      | Paralysed by a hornet for 3 turns
  5924 | D:9      | Noticed a two-headed ogre
  5932 | D:9      | Killed a two-headed ogre
  5933 | D:9      | Reached XP level 10. HP: 86/86 MP: 13/13
  6196 | D:9      | Found a hide-covered altar of Uskayaw.
  6196 | D:9      | Found a snail-covered altar of Cheibriados.
  6249 | D:9      | Found Gamead's Antique Weapon Boutique.
  6258 | D:9      | Bought a polished spear for 240 gold pieces
  6258 | D:9      | Identified the +5 spear "Plog" {heavy, rF+ rC+ rN+ Dex+4}
                  | (You bought it in a shop on level 9 of the Dungeon)
  6527 | D:9      | Reached skill level 1 in Polearms
  6650 | D:10     | Identified the "Xayly"
  6650 | D:10     | Entered Level 10 of the Dungeon
  6655 | D:10     | Noticed Urug
  6844 | D:10     | Identified the +9 whip "Jiplataa" {freeze, Fly rElec rPois
                  | Int+4}
  7111 | D:10     | Found a staircase to the Lair.
  7200 | D:10     | Found a glowing silver altar of Zin.
  7631 | D:11     | Reached skill level 5 in Polearms
  7655 | D:11     | Found Voidaf's Magic Scroll Shoppe.
  7665 | D:11     | You fall into a shaft and drop 1 floor!
  7707 | D:12     | Noticed a cyclops
  7717 | D:12     | Killed a cyclops
  7885 | D:12     | Noticed a cyan ugly thing
  7897 | D:12     | Killed a cyan ugly thing
  7898 | D:12     | Reached XP level 11. HP: 83/94 MP: 14/14
  7930 | D:12     | Noticed Nessos
  7994 | D:12     | Identified the +1 hand axe "Jakil" {vamp, Int+7 Dex+3}
  8078 | D:12     | Noticed a fire crab
  8079 | D:12     | Noticed a deep elf pyromancer
  8079 | D:12     | Noticed a boulder beetle
  8119 | D:12     | Noticed a boulder beetle
  8153 | D:12     | Killed a boulder beetle
  8406 | D:13     | Noticed a boulder beetle
  8434 | D:13     | Killed a boulder beetle
  8828 | D:11     | Noticed a death knight
  8828 | D:11     | Noticed a skeletal warrior
  8828 | D:11     | Noticed a death knight
  8856 | D:11     | Slain by a skeletal warrior

Illustrated notes

Levels and vault maps discovered:
D:1:      psy_arrival_statuary, layout_basic,
          chequers_ecumenical_altar_simple_redux
D:2:      layout_rooms
D:3:      layout_loops_ring, uniq_jessica
D:4:      layout_basic, yredelemnul_forgotten_temple_becter
D:5:      layout_basic, mainiacjoe_overflow_small_starburst, tso_metal_star
D:6:      layout_loops_ring, grunt_dithmenos_shadows,
          minmay_temple_entry_large_hall, serial_shops, nicolae_stop_n_shop_2
D:7:      layout_loops_cross, nrook_loot_triangle, hangedman_minor_gate_pass
D:8:      layout_rooms, mainiacjoe_overflow_alcove_1
D:9:      layout_basic, gammafunk_temple_overflow_wave, serial_shops,
          nicolae_lakefront_shop
D:10:     layout_basic, mainiacjoe_overflow_brackets,
          mainiacjoe_overflow_catwalk, erik_lair_orcish_takeover, uniq_urug
D:11:     cheibrodos_tormentor_scu, layout_loops_cross, serial_shops, shop
D:12:     minmay_the_grid_octo_triangle [minmay_the_grid_octo_checkered,
          minmay_the_grid_octo_prize_square_snowflake,
          minmay_the_grid_octo_focus], layout_basic,
          minmay_orc_entry_temple_small, uniq_nessos
D:13:     layout_cave_pools, corexii_checkpoint, fedhas_altar_fruit_tree

Skill      XL: |  1  2  3  4  5  6  7  8  9 10 11 |
---------------+----------------------------------+-----
Shapeshifting  | 1 |  1.7
Dodging        | 2 3 4 5 7 8 |  8.9
Unarmed Combat | 4 |  4.0
Stealth        | 1 2 3 4 6 7 8 |  8.1
Long Blades    | 1 2 3 4 5 6 |  6.8
Fighting       | 2 3 4 5 7 8 |  8.1
Polearms       | 5 6 |  6.3
Short Blades   | |  0.3
Throwing       | |  0.1
Spellcasting   | |  2.0
Transmutations | |  2.0

Action                     |  1- 3 |  4- 6 |  7- 9 | 10-12 || total
---------------------------+-------+-------+-------+-------++-------
  Melee: Unarmed           |    17 |       |       |       ||    17
         Tailslap          |     4 |    13 |    28 |    58 ||   103
         Short sword       |    35 |       |       |       ||    35
         Rapier            |    13 |   110 |   220 |    74 ||   417
         Punch             |     1 |       |     5 |     4 ||    10
         Spear             |       |       |       |   236 ||   236
  Throw: Dart              |       |       |       |     3 ||     3
 Invoke: Trog's Hand       |       |     1 |     3 |     6 ||    10
         Berserk           |       |       |     1 |     6 ||     7
    Use: Scroll            |       |       |    14 |     1 ||    15
         Potion            |       |       |     3 |     2 ||     5
   Stab: Sleeping          |     2 |     3 |    12 |    12 ||    29
         Distracted        |       |       |       |     2 ||     2
 Armour: Skin              |    30 |    76 |   190 |   234 ||   530
  Dodge: Dodged            |    30 |    70 |   223 |   283 ||   606

Table legend: (Time is in decaauts)
 A = Elapsed time spent in this place.
 B = Non-inter-level travel time spent in this place.
 C = Inter-level travel time spent in this place.
 D = Time resting spent in this place.
 E = Time spent auto-exploring this place.
 F = Levels seen in this place.
 G = Mean time per level.
                   A        B        C        D        E       F      G
               +--------+--------+--------+--------+--------+-----+--------+
         Total |   9133 |   8681 |    452 |      0 |   6768 |  13 |  702.5 |
       Dungeon |   9133 |   8681 |    452 |      0 |   6768 |  13 |  702.5 |
               +--------+--------+--------+--------+--------+-----+--------+

Top non-repeatable levels by time:
     D:9: 1276 daAuts
     D:7: 1118 daAuts
     D:4: 839 daAuts
    D:12: 795 daAuts
     D:3: 782 daAuts
     D:1: 781 daAuts
     D:6: 778 daAuts
    D:10: 646 daAuts
     D:2: 626 daAuts
     D:5: 592 daAuts
    D:13: 404 daAuts
     D:8: 330 daAuts
    D:11: 160 daAuts
